AoeStats
← _The_Lion

Enclosed

506538621Analyzed
1v1 RM · 19d ago on Sep 14, 2026· 44m 45s· 2 players
Game mode
Random Map
Map size
Tiny (2 player)
Population
200
Speed
Normal
Resources
Standard
Victory
Conquest
Starting age
Dark Age
Ending age
Imperial Age
RankedLock teamsTeams togetherTeam positionsShared explorationLock speedFull tech treeHidden civsTurbo modeCheats
Victory
Defeat
🇨🇦 Malay · Canada
1665
+15
🇩🇪 Teutons · Germany
1648
-15
Alneryus
6:29 Loom
8:57 Feudal Age
10:18 Man-at-Arms
11:39 Forging
12:10 Double-Bit Axe
17:12 Loom
19:51 Scale Barding Armor
20:25 Town Watch
22:00 Bloodlines
26:00 Castle Age
25:12 Fletching
25:31 Gold Mining
25:21 Horse Collar
36:20 Wheelbarrow
37:28 Chain Barding Armor
37:56 Heavy Plow
41:24 Scale Mail Armor
42:00 Iron Casting
43:07 Chain Mail Armor
_The_Lion
7:28 Loom
9:55 Feudal Age
10:11 Double-Bit Axe
10:29 Man-at-Arms
13:59 Fletching
23:50 Castle Age
21:38 Horse Collar
23:11 Pikeman
25:03 Crossbowman
25:44 Bodkin Arrow
29:00 Bow Saw
33:28 Forging
33:44 Town Watch
35:59 Wheelbarrow
36:49 Iron Casting
36:40 Town Patrol
37:14 Squires
36:59 Arson
41:19 Long Swordsman
45:53 Imperial Age
43:23 Gold Mining
43:26 Stone Mining
43:37 Heavy Plow
45:29 Stone Shaft Mining
45:31 Gold Shaft Mining
44:59 Padded Archer Armor
Connection lost

Rejoining the realm…

Still unreachable

The connection could not be restored.

Session expired

The server has moved on; the page needs a fresh start.